 Dungeon Crawl Stone Soup version 0.29.1-2-gbd0b4ee654 (webtiles) character file.

Game seed: 17276991867149626093

55 GorkyZ the Ducker (level 3, -2/27 (28) HPs)
             Began as a Demonspawn Gladiator on Nov 17, 2022.
             Slain by Crazy Yiuf
             ... wielding a +2 quarterstaff of chaos
              (6 damage)
             ... on level 2 of the Dungeon.
             The game lasted 00:06:05 (2069 turns).

GorkyZ the Ducker (Demonspawn Gladiator)            Turns: 2069, Time: 00:06:05

HP:   -2/27 (28)    AC:  9    Str: 16    XL:     3   Next: 67%
MP:   3/3           EV: 10    Int:  9    God:
Gold: 131           SH:  0    Dex: 12    Spells: 2/2 levels left

rFire   . . .      SeeInvis .   a - +0 war axe
rCold   . . .      Faith    .   (no shield)
rNeg    . . .      Spirit   .   o - +3 scale mail "Ruwaudgh" {rPois Will++ rCorr}
rPois   +          Reflect  .   (helmet restricted)
rElec   .          Harm     .   (no cloak)
rCorr   +          Rampage  .   (no gloves)
Will    ++...                   (no boots)
Stlth   ..........              (no amulet)
HPRegen 0.09/turn               (no ring)
MPRegen 0.08/turn               (no ring)

@: lightly drained
A: antennae 1, powered by pain 1, clumsy 1
a: no special abilities


You were on level 2 of the Dungeon.
You visited 1 branch of the dungeon, and saw 2 of its levels.

You collected 131 gold pieces.

Inventory:

Hand Weapons
 a - a +0 war axe (weapon)
Missiles
 d - 3 throwing nets (quivered)
 e - a javelin
Armour
 b - a +0 leather armour
 c - a +0 helmet
 o - the +3 scale mail "Ruwaudgh" (worn) {rPois Will++ rCorr}
   (You found it on level 2 of the Dungeon)

   rPois:     It protects you from poison.
   rCorr:     It protects you from acid and corrosion.
   Will:      It greatly increases your willpower.
Jewellery
 h - a ring of resist corrosion
 l - a ring of poison resistance
Scrolls
 g - a scroll of teleportation
 k - a scroll of identify {unknown}
 n - a scroll of butterflies
 p - a scroll of torment {unknown}
Potions
 f - a potion of mutation
 i - a potion of flight {unknown}
 j - 2 potions of haste {unknown}
 m - a potion of lignification {unknown}
 q - a potion of curing {unknown}


   Skills:
 + Level 2.6 Fighting
 + Level 3.1 Axes
 + Level 2.3 Throwing
 + Level 0.1 Armour
 + Level 3.1 Dodging


You had 2 spell levels left.
You didn't know any spells.
Your spell library was empty.

Dungeon Overview and Level Annotations

Branches:
Dungeon (2/15)

Altars:

Annotations:
D:2 Crazy Yiuf


Innate Abilities, Weirdness & Mutations

You have a pair of small antennae on your head.
You sometimes gain a little power by taking damage.
You are clumsy. (Dex -2)


Message History

You hit the dart slug.
The dart slug is lightly wounded.
You hit the dart slug.
The dart slug is severely wounded.
The dart slug bites you but does no damage.
You barely miss the dart slug.
The dart slug is severely wounded.
The dart slug completely misses you.
You hit the dart slug.
You kill the dart slug!
No target in view!
Found a hammer.
Found a runed translucent door.
You open the door. You hit Crazy Yiuf.
Crazy Yiuf is moderately wounded.
Crazy Yiuf barely misses you.
Crazy Yiuf says, "Peeping foot King!"
Crazy Yiuf barely misses you.
You hit Crazy Yiuf but do no damage.
Crazy Yiuf is lightly wounded.
Crazy Yiuf grits, "Prologue koolooloo bush!"
Crazy Yiuf hits you with a +2 quarterstaff of chaos.
Crazy Yiuf freezes you.
You slash Crazy Yiuf!
Crazy Yiuf is heavily wounded.
Crazy Yiuf cries, "Adder infinity eyeball!"
Crazy Yiuf hits you with a +2 quarterstaff of chaos.
Crazy Yiuf burns you.
You hit Crazy Yiuf but do no damage.
Crazy Yiuf is heavily wounded.
Crazy Yiuf grits, "Cards!"
Crazy Yiuf closely misses you.
Crazy Yiuf hits you with a +2 quarterstaff of chaos!
* * * LOW HITPOINT WARNING * * *
You feel drained.
* * * LOW HITPOINT WARNING * * *
It was a potion of mutation.
You feel extremely strange.
You feel clumsy.
Crazy Yiuf hits you with a +2 quarterstaff of chaos.
You die...

..........#........#........(.#..
..)......##........#..........#..
......##.##........#..........#..
......# ###############........
.†....# #........ ......##
#........ ......... ###
♣♣####.##... .........# #)..#♣♣
♣♣P.......... .........#
#...g@♣♣♣♣.P.......... ...#.....#
#...#♣..♣..........### ......<..#
### ♣♣♣.♣.P.......### ..#......#
♣♣♣♣♣####...... ..##.....#
###......
..##.#.#.################........
.......#.#.............#.........
.......#.#....##.......#.........
.........#....##.......####......


You could see Crazy Yiuf.

Vanquished Creatures
  An adder (D:2)
  A dart slug (D:2)
  5 bats
  7 endoplasms
  2 giant cockroaches (D:1)
  6 goblins
  3 quokkas
  7 ball pythons
  4 frilled lizards
  2 kobolds (D:1)
  2 rats (D:1)
40 creatures vanquished.

Notes
Turn   | Place    | Note
-------+----------+-------------------------------------------
     0 | D:1      | GorkyZ the Demonspawn Gladiator began the quest for the
                  | Orb.
     0 | D:1      | Reached XP level 1. HP: 16/16 MP: 1/1
   491 | D:1      | Gained mutation: You have a pair of small antennae on your
                  | head. [demonic ancestry]
   491 | D:1      | Reached XP level 2. HP: 22/22 MP: 2/2
  1203 | D:1      | Gained mutation: You sometimes gain a little power by
                  | taking damage. [demonic ancestry]
  1203 | D:1      | Reached XP level 3. HP: 28/28 MP: 3/3
  1694 | D:2      | Identified the +3 scale mail "Ruwaudgh" {rPois Will++
                  | rCorr}
  1870 | D:2      | Found a faded altar of an unknown god.
  2060 | D:2      | Found a runed translucent door.
  2061 | D:2      | Noticed Crazy Yiuf
  2069 | D:2      | Gained mutation: You are clumsy. (Dex -2) [potion of
                  | mutation]
  2069 | D:2      | Slain by Crazy Yiuf

Illustrated notes

Levels and vault maps discovered:
D:1:      scummos_arrival_star, layout_loops_corners
D:2:      layout_basic, nicolae_ecumenical_snake_handling,
          uniq_crazy_yiuf_cottage

Skill      XL: |  1  2 |
---------------+-------+-----
Throwing       | 2 |  2.3
Axes           | 3 |  3.1
Dodging        | 3 |  3.1
Fighting       | |  2.6
Armour         | |  0.1

Action                   || total
-------------------------++-------
Melee: War axe           ||   108
  Use: Scroll            ||     2
       Potion            ||     1
 Stab: Sleeping          ||     1
Armor: Leather armour    ||    31
       Scale mail        ||    16
Dodge: Dodged            ||    68
